 Dungeon Crawl Stone Soup version 0.30-a0-571-gdf30a72648 (webtiles) character file.

Game seed: 14891357492885262628

22 bmack86 the Shield-Bearer (level 2, -4/27 HPs)
             Began as a Minotaur Fighter on Dec 29, 2022.
             Slain by a gnoll
             ... wielding a +0 halberd
              (9 damage)
             ... on level 2 of the Dungeon.
             The game lasted 00:03:13 (697 turns).

bmack86 the Shield-Bearer (Minotaur Fighter)         Turns: 697, Time: 00:03:14

Health: -4/27      AC: 12    Str: 20    XL:     2   Next: 68%
Magic:  1/1        EV:  5    Int:  5    God:
Gold:   79         SH:  4    Dex:  9    Spells: 1/1 levels left

rFire   . . .      SeeInvis .    a - +0 war axe
rCold   . . .      Faith    .    c - +0 buckler
rNeg    . . .      Spirit   .    l - +0 plate armour
rPois   .          Reflect  .    (helmet restricted)
rElec   .          Harm     .    i - +0 cloak
rCorr   .          Rampage  .    (no gloves)
Will    .....                    (no boots) Stlth
                                 (no amulet)
HPRegen 0.24/turn                (no ring)
MPRegen 0.07/turn                (no ring)

@: no status effects
A: horns 2, retaliatory headbutt
a: no special abilities


You were on level 2 of the Dungeon.
You visited 1 branch of the dungeon, and saw 2 of its levels.

You collected 79 gold pieces.

Inventory:

Hand Weapons
 a - a +0 war axe (weapon)
Missiles
 h - 3 poisoned darts (quivered)
Armour
 c - a +0 buckler (worn)
 i - a +0 cloak (worn)
 l - a +0 plate armour (worn)
Wands
 k - a wand of iceblast (11)
Scrolls
 e - a scroll of vulnerability
 f - 3 scrolls of identify
Potions
 d - a potion of might
 g - a potion of attraction
 j - a potion of lignification {unknown}


   Skills:
 + Level 3.9 Fighting
 * Level 3.1 Axes
 + Level 0.3 Throwing
 + Level 3.8 Armour
 + Level 3.9 Shields


You had one spell level left.
You didn't know any spells.
Your spell library was empty.

Dungeon Overview and Level Annotations

Branches:
Dungeon (2/15)

Altars:


Innate Abilities, Weirdness & Mutations

You have a pair of horns on your head.
You reflexively headbutt those who attack you in melee.


Message History

k - a wand of iceblast (11)
You see here a +0 plate armour.
l - a +0 plate armour You start removing your armour.
You continue taking off your +0 scale mail. x4
You finish taking off your +0 scale mail.
You start putting on your armour.
You continue putting on your +0 plate armour. x5
You finish putting on your +0 plate armour.
You drop a +0 scale mail.
Found a stone staircase leading down.
There is a stone staircase leading down here.
You now have 79 gold pieces (gained 5).
Found a hand axe.
A gnoll comes into view. It is wielding a +0 halberd.
The gnoll shouts!
You hear a shout! x2
A gnoll comes into view. It is wielding a +0 spear.
The gnoll moves out of view.
Found a stone staircase leading up.
The gnoll hits you but does no damage. The gnoll completely misses you.
A gnoll comes into view. It is wielding a +0 quarterstaff.
The gnoll hits you with a +0 spear.
The gnoll throws a throwing net.
The throwing net hits you.
You become entangled in the net!
The gnoll hits you with a +0 halberd!
You see here a throwing net.
You struggle against the net.
The gnoll hits you with a +0 spear. The gnoll hits you but does no damage.
You struggle against the net.
The gnoll hits you with a +0 spear. The gnoll hits you with a +0 halberd.
* * * LOW HITPOINT WARNING * * *
You shred the net and break free! The gnoll closely misses you.
You furiously retaliate!
You headbutt the gnoll. The gnoll closely misses you.
The gnoll hits you but does no damage.
You barely miss the gnoll.
The gnoll is lightly wounded.
You hit the gnoll. x2; The gnoll hits you but does no damage.
The gnoll hits you with a +0 quarterstaff.
* * * LOW HITPOINT WARNING * * *
The gnoll hits you with a +0 halberd!
You die...

#......##.#
#########.#
#.# #.# ###
#.# ... #.#
##.##.#
#.<#..g#.#
#.....g@.#
#.####g###
#. #. #. ##


You could see 3 gnolls.

Vanquished Creatures
  A worm (D:2)
  A dart slug (D:2)
  2 bats
  An endoplasm (D:1)
  2 giant cockroaches
  4 goblins
  3 ball pythons
  2 rats
16 creatures vanquished.

Notes
Turn   | Place    | Note
-------+----------+-------------------------------------------
     0 | D:1      | bmack86 the Minotaur Fighter began the quest for the Orb.
     0 | D:1      | Reached XP level 1. HP: 19/19 MP: 0/0
   229 | D:1      | Found a faded altar of an unknown god.
   268 | D:1      | Reached XP level 2. HP: 26/27 MP: 1/1
   697 | D:2      | Slain by a gnoll

Illustrated notes

Levels and vault maps discovered:
D:1:      dpeg_arrival_central, layout_rooms, shapermc_ecumenical_altar_pompeii
D:2:      layout_basic

Skill      XL: |  1  2 |
---------------+-------+-----
Axes           | 3 |  3.1
Fighting       | |  3.9
Throwing       | |  0.3
Armour         | |  3.8
Shields        | |  3.9

Action                   || total
-------------------------++-------
Melee: War axe           ||    30
       Headbutt          ||     6
Throw: Dart              ||     6
  Use: Scroll            ||     2
Armor: Scale mail        ||    21
       Plate armour      ||     4
Dodge: Dodged            ||    20
Block: Buckler           ||     4

Table legend: (Time is in decaauts)
 A = Elapsed time spent in this place.
 B = Non-inter-level travel time spent in this place.
 C = Inter-level travel time spent in this place.
 D = Time resting spent in this place.
 E = Time spent auto-exploring this place.
 F = Levels seen in this place.
 G = Mean time per level.
                   A        B        C        D        E       F      G
               +--------+--------+--------+--------+--------+-----+--------+
         Total |    708 |    684 |     24 |      0 |    400 |   2 |  354.0 |
       Dungeon |    708 |    684 |     24 |      0 |    400 |   2 |  354.0 |
               +--------+--------+--------+--------+--------+-----+--------+

Top non-repeatable levels by time:
     D:1: 509 daAuts
     D:2: 199 daAuts
